 Dungeon Crawl Stone Soup version 0.31-a0-112-gdf0485fa37 (webtiles) character file.

Game seed: 291761314818620018

207 NateTC the Magician (level 6, -2/40 HPs)
             Began as a Djinni Conjurer on May 28, 2023.
             Slain by an orc
             ... wielding a +0 war axe
              (6 damage)
             ... on level 3 of the Dungeon.
             The game lasted 00:02:35 (2648 turns).

NateTC the Magician (Djinni Conjurer)               Turns: 2648, Time: 00:02:36

Health: -2/40      AC:  4    Str:  6    XL:     6   Next: 11%
Gold:   148        EV: 11    Int: 22    God:
                   SH:  4    Dex: 11

rFire   + + .        (no weapon)
rCold   x . .        g - +0 buckler
rNeg    . . .        a - +0 robe
rPois   ∞            (no helmet)
rElec   .            (no cloak)
rCorr   .            h - +1 pair of gloves
SInv    +            (boots unavailable)
Will    .....        (no amulet)
Stlth   ++           c - ring of see invisible
HPRegen 0.26/turn    (no ring)
MPRegen 0.00/turn

%: infuse magic (-3 HP)
@: flying
A: sickness immunity, fire resistance 2, cold vulnerability 1, float, innate
caster, HP casting, extra vitality 1
a: no special abilities


You were on level 3 of the Dungeon.
You visited 1 branch of the dungeon, and saw 4 of its levels.

You collected 148 gold pieces.

Inventory:

Armour
 a - a +0 robe (worn)
 g - a +0 buckler (worn)
 h - a +1 pair of gloves (worn)
Jewellery
 c - a ring of see invisible (left hand)
Scrolls
 e - 3 scrolls of teleportation
 f - a scroll of fog
Potions
 b - 2 potions of mutation
 d - 2 potions of curing {unknown}
 l - a potion of magic {unknown}


   Skills:
 - Level 2.1 Dodging
 - Level 1.5 Stealth
 + Level 2.3 Shields
 + Level 5.0 Spellcasting
 + Level 5.0 Conjurations
 + Level 5.0 Hexes
 + Level 5.0 Summonings
 + Level 5.0 Necromancy
 + Level 5.0 Translocations
 + Level 5.0 Transmutations
 + Level 5.0 Fire Magic
 + Level 5.0 Ice Magic
 + Level 5.0 Air Magic
 + Level 5.0 Earth Magic
 + Level 5.0 Poison Magic


You knew the following spells:

 Your Spells              Type           Power      Damage    Failure   Level
a - Magic Dart            Conj           100%       1d8       2%          1
b - Searing Ray           Conj           54%        2d6       3%          2
c - Dazzling Flash        Conj/Hex       54%        N/A       6%          3
d - Fulminant Prism       Conj/Hex       13%        3d8       22%         4
e - Iskenderun's Mystic   Conj/Tloc      27%        2d7       22%         4
f - Apportation           Tloc           54%        N/A       2%          1
g - Passwall              Tmut/Erth      22%        N/A       3%          2
Your spell library was empty.

Dungeon Overview and Level Annotations

Branches:
Dungeon (4/15) Zot: 21348
 Temple: D:4-7

Altars:


Innate Abilities, Weirdness & Mutations

You are immune to sickness and miasma.
You are immune to poison.
Your flesh is very heat resistant. (rF++)
You are vulnerable to cold. (rC-)
You float through the air rather than walking.
You learn spells naturally, not from books.
Your magical power is your life essence.
You have superior vitality. (+4 MHP)


Message History

Casting: Iskenderun's Mystic Blast (extremely dangerous; 22% risk of failure)
Confirm with . or Enter, or press ? or * to list all spells.
Aiming: Magic Dart (safe; 2% risk of failure)
Press: ? - help, Shift-Dir - straight line, f/p - orc priest
Aim: an orc priest, wielding a +2 dagger of speed (almost dead, 100% to hit)
The magic dart hits the orc priest.
You kill the orc priest!
* * * LOW HITPOINT WARNING * * *
Your Spellcasting skill increases to level 5!
Your Conjurations skill increases to level 5!
Your Hexes skill increases to level 5!
Your Summonings skill increases to level 5!
Your Necromancy skill increases to level 5!
Your Translocations skill increases to level 5!
Your Transmutations skill increases to level 5!
Your Fire Magic skill increases to level 5!
Your Ice Magic skill increases to level 5!
Your Air Magic skill increases to level 5!
Your Earth Magic skill increases to level 5!
Your Poison Magic skill increases to level 5!
You have reached level 6!
Casting: Magic Dart (safe; 2% risk of failure)
Confirm with . or Enter, or press ? or * to list all spells.
You don't have enough health to cast this spell.
Okay, then.
Okay, then.
Things that are here:
a +0 dagger; a +0 leather armour The orc attacks as you move away!
The orc barely misses you.
You are too injured to fight recklessly!
Casting: Magic Dart (safe; 2% risk of failure)
Confirm with . or Enter, or press ? or * to list all spells.
Aiming: Magic Dart (safe; 2% risk of failure)
Press: ? - help, Shift-Dir - straight line, f - orc
Aim: an orc, wielding a +0 war axe and wearing a +0 ring mail (heavily wounded, 100% to hit)
The magic dart hits the orc.
The orc is severely wounded.
* * * LOW HITPOINT WARNING * * *
The orc closely misses you. The orc hits you with a +0 war axe.
You die...

#######...............##......###
............).........##......#
###.#.#.######........##......#
#..........(.+................#
#.#.#...######<.[).........####
..#.###......#.....##......#
..#...'......#....###......#
...####......#....# #......# ...#
#......#..@.###......######
...####......#..oo##.............
...##.....####)...>#.###.........
...##.....####..)..#.# #.........
.[.##.....'......#.#.# ##########
...##....<##....##.#.#
...##.....##....+..#.#
...##.....##....####.#
...##.....##....# #.#


You could see 2 orcs.

Vanquished Creatures
  A phantom (D:3)
  An orc priest (D:3)
  4 adders
  4 dart slugs
  6 orcs (D:3)
  6 endoplasms
  3 giant cockroaches
  2 goblins
  5 hobgoblins
  4 jackals (D:1)
  2 kobolds
  4 quokkas
  6 ball pythons
  A bat (D:2)
  2 frilled lizards
  4 rats
55 creatures vanquished.

Notes
Turn   | Place    | Note
-------+----------+-------------------------------------------
     0 | D:1      | NateTC the Djinni Conjurer began the quest for the Orb.
     0 | D:1      | NateTC set off with the following spells memorised: Magic
                  | Dart, Searing Ray, Dazzling Flash, Fulminant Prism,
                  | Iskenderun's Mystic Blast.
     0 | D:1      | Reached XP level 1. HP: 15/15 MP: 0/0
    88 | D:1      | Reached XP level 2. HP: 14/21 MP: 0/0
   231 | D:1      | Reached XP level 3. HP: 15/25 MP: 0/0
   231 | D:1      | Learned a level 1 spell: Apportation
   772 | D:2      | Reached XP level 4. HP: 28/31 MP: 0/0
   991 | D:2      | Found a faded altar of an unknown god.
  1333 | D:2      | Identified the +2 dagger "Ytweeck" {drain, rC+ Str+3 Int-3}
  1930 | D:3      | Reached XP level 5. HP: 32/35 MP: 0/0
  1930 | D:3      | Learned a level 2 spell: Passwall
  2437 | D:4      | Noticed a phantom
  2506 | D:3      | Killed a phantom
  2646 | D:3      | Reached skill level 5 in Spellcasting
  2646 | D:3      | Reached skill level 5 in Conjurations
  2646 | D:3      | Reached skill level 5 in Hexes
  2646 | D:3      | Reached skill level 5 in Summonings
  2646 | D:3      | Reached skill level 5 in Necromancy
  2646 | D:3      | Reached skill level 5 in Translocations
  2646 | D:3      | Reached skill level 5 in Transmutations
  2646 | D:3      | Reached skill level 5 in Fire Magic
  2646 | D:3      | Reached skill level 5 in Ice Magic
  2646 | D:3      | Reached skill level 5 in Air Magic
  2646 | D:3      | Reached skill level 5 in Earth Magic
  2646 | D:3      | Reached skill level 5 in Poison Magic
  2646 | D:3      | Reached XP level 6. HP: 4/40 MP: 0/0
  2648 | D:3      | Slain by an orc

Illustrated notes

Levels and vault maps discovered:
D:1:      dpeg_arrival_tiny_d, layout_rooms, minmay_misc_feat_more_columns
D:2:      layout_basic, hellmonk_ecumenical_altar_crossroads,
          serial_bayou_pond_b
D:3:      layout_basic, chequers_serial_rivers_micro_c
D:4:      layout_gridville, general_overflow_altar, serial_shops,
          nicolae_shop_mannequins, minivault_1, uniq_natasha, uniq_ijyb,
          uniq_robin

Skill      XL: |  1  2  3  4  5 |
---------------+----------------+-----
Spellcasting   | 4 5 |  5.0
Conjurations   | 4 5 |  5.0
Hexes          | 4 5 |  5.0
Summonings     | 4 5 |  5.0
Necromancy     | 4 5 |  5.0
Translocations | 4 5 |  5.0
Transmutations | 4 5 |  5.0
Fire Magic     | 4 5 |  5.0
Ice Magic      | 4 5 |  5.0
Air Magic      | 4 5 |  5.0
Earth Magic    | 4 5 |  5.0
Poison Magic   | 4 5 |  5.0
Shields        | 2 |  2.3
Dodging        | |  2.1
Stealth        | |  1.5

Action                     |  1- 3 |  4- 6 || total
---------------------------+-------+-------++-------
   Cast: Magic Dart        |    55 |    54 ||   109
         Searing Ray       |     1 |     3 ||     4
         Iskenderun's Myst |       |     1 ||     1
    Use: Scroll            |     2 |     5 ||     7
 Armour: Robe              |     2 |     5 ||     7
  Dodge: Dodged            |     3 |    23 ||    26
  Block: Buckler           |       |     2 ||     2

Table legend: (Time is in decaauts)
 A = Elapsed time spent in this place.
 B = Non-inter-level travel time spent in this place.
 C = Inter-level travel time spent in this place.
 D = Time resting spent in this place.
 E = Time spent auto-exploring this place.
 F = Levels seen in this place.
 G = Mean time per level.
                   A        B        C        D        E       F      G
               +--------+--------+--------+--------+--------+-----+--------+
         Total |   2650 |   2442 |    208 |    176 |   2012 |   4 |  662.5 |
       Dungeon |   2650 |   2442 |    208 |    176 |   2012 |   4 |  662.5 |
               +--------+--------+--------+--------+--------+-----+--------+

Top non-repeatable levels by time:
     D:2: 1166 daAuts
     D:3: 957 daAuts
     D:1: 519 daAuts
     D:4: 6 daAuts
